 Dungeon Crawl Stone Soup version 0.31-a0-233-g139696dc86 (webtiles) character file.

Game seed: 2995961733251272959

244664 Turgor the Gelid (level 18, -4/106 HPs)
             Began as a Vampire Ice Elementalist on June 29, 2023.
             Was the Champion of Nemelex Xobeh.
             Shot with a bolt by a yaktaur captain (25 damage)
             ... on level 1 of the Vaults on July 9, 2023.
             The game lasted 05:10:33 (39163 turns).

Turgor the Gelid (Vampire Ice Elementalist)        Turns: 39163, Time: 05:10:34

Health: -4/106     AC: 17    Str: 20    XL:     18   Next: 74%
Magic:  20/34      EV: 11    Int: 35    God:    Nemelex Xobeh [******]
Gold:   764        SH:  5    Dex: 14    Spells: 4/41 levels left

rFire   . . .        S - +10 rapier of Beloved Courage {venom, Fragile rElec Will+ Int+3}
rCold   + + .        B - +0 buckler
rNeg    + + +        J - +2 ring mail "Xodaeg" {Int+4 Stlth+}
rPois   ∞            c - +2 helmet {Int+3}
rElec   +            (no cloak)
rCorr   +            G - +2 pair of gloves {Str+3}
SInv    +            q - +0 pair of boots
Will    ++...        r - amulet of Vitality {RegenMP++ Regen++}
Stlth   +++++        m - +6 ring of strength
HPRegen 0.00/turn    A - ring of Freedom {rCorr Int+3}
MPRegen 1.04/turn

%: no passive effects
@: bloodless, inhibited regen
A: bloodless, fangs 3, see invisible, vampiric 2
}: 2/15 runes: barnacled, gossamer
a: Bat Form, Revivify, Renounce Religion, Draw Escape, Draw Destruction, Draw
Summoning, Triple Draw, Deal Four, Stack Five


You were on level 1 of the Vaults.
You worshipped Nemelex Xobeh.
Nemelex Xobeh was exalted by your worship.
You visited 6 branches of the dungeon, and saw 31 of its levels.
You also visited: Ice Cave.

You collected 3096 gold pieces.
You spent 2332 gold pieces at shops.

Inventory:

Hand Weapons
 L - a +0 quick blade of draining
 S - the +10 rapier of Beloved Courage (weapon) {venom, Fragile rElec Will+ Int+3}
   (You found it on level 4 of the Lair of Beasts)

   Int:       It affects your intelligence (+3).
   rElec:     It insulates you from electricity.
   Fragile:   It will be destroyed if unequipped.
   Will:      It increases your willpower.
Missiles
 l - 3 silver javelins
 o - 2 throwing nets (quivered)
Armour
 c - a +2 helmet of intelligence (worn)
 h - the +4 chain mail of Discretion {Will+ Str-2 Int+4}
   (You found it on level 1 of the Spider Nest)

   Str:       It affects your strength (-2).
   Int:       It affects your intelligence (+4).
   Will:      It increases your willpower.
 q - a +0 pair of boots (worn)
 B - a +0 buckler (worn)
 D - the +0 pair of gloves "Zosch" {rF++ rC- Will+}
   (You bought it in a shop on level 4 of the Shoals)

   rF:        It greatly protects you from fire.
   rC:        It makes you vulnerable to cold.
   Will:      It increases your willpower.
 G - a +2 pair of gloves of strength (worn)
 J - the +2 ring mail "Xodaeg" (worn) {Int+4 Stlth+}
   (You found it on level 9 of the Dungeon)

   Int:       It affects your intelligence (+4).
   Stlth:     It makes you more stealthy.
Magical Staves
 R - a staff of cold
Jewellery
 m - a +6 ring of strength (left hand)
 r - the amulet of Vitality (around neck) {RegenMP++ Regen++}
   (You bought it in a shop on level 1 of the Orcish Mines)

   [amulet of magic regeneration]

   It increases your rate of magic regeneration.
   Regen:     It increases your rate of health regeneration.
 s - a ring of protection from fire
 A - the ring of Freedom (right hand) {rCorr Int+3}
   (You found it on level 2 of the Shoals)

   [ring of resist corrosion]

   Int:       It affects your intelligence (+3).
   rCorr:     It protects you from acid and corrosion.
 M - a ring of ice
Wands
 e - a wand of charming (6)
 u - a wand of quicksilver (8)
 V - a wand of polymorph (2)
 X - a wand of mindburst (10)
Scrolls
 g - 6 scrolls of fog
 i - 5 scrolls of enchant armour
 k - 2 scrolls of torment
 n - 4 scrolls of immolation
 v - 6 scrolls of teleportation
 w - 5 scrolls of poison
 x - 5 scrolls of fear
 y - 7 scrolls of amnesia
 F - 6 scrolls of revelation
 I - 3 scrolls of enchant weapon
 N - 2 scrolls of silence
 P - a scroll of identify
 W - a scroll of butterflies
Potions
 b - 2 potions of magic
 f - 4 potions of ambrosia
 j - 3 potions of brilliance
 t - 3 potions of mutation
 z - 4 potions of enlightenment
 C - 3 potions of lignification
 E - 4 potions of attraction
 H - 8 potions of curing
 K - 4 potions of cancellation
 O - 2 potions of might
 Q - 5 potions of invisibility
 T - 3 potions of resistance
 U - a potion of haste
 Y - 4 potions of heal wounds
Miscellaneous
 d - a sack of spiders
 Z - a phantom mirror


   Skills:
 + Level 9.4 Fighting
 - Level 5.0 Short Blades
 + Level 10.2 Armour
 - Level 3.0 Dodging
 - Level 3.0 Stealth
 - Level 5.0 Shields
 - Level 12.0 Spellcasting
 * Level 18.5 Summonings
 - Level 19.0 Ice Magic
 - Level 9.0 Invocations


You had 4 spell levels left.
You knew the following spells:

 Your Spells              Type           Power      Damage    Failure   Level
a - Freeze                Ice            100%       1d10      0%          1
b - Frozen Ramparts       Ice            100%       1d16      0%          3
c - Ozocubu's Armour      Ice            100%       N/A       0%          3
d - Summon Ice Beast      Ice/Summ       100%       N/A       0%          4
e - Call Canine Familiar  Summ           100%       N/A       0%          3
f - Monstrous Menagerie   Summ           50%        N/A       1%          7
g - Ozocubu's Refrigerat  Ice            50%        4d18      1%          7
h - Blink                 Tloc           42%        N/A       5%          2
i - Summon Hydra          Summ           50%        N/A       1%          7

Your spell library contained the following spells:

 Spells                   Type           Power      Damage    Failure   Level
 Ensorcelled Hibernation  Hex/Ice        100%       N/A       1%          2
 Summon Guardian Golem    Hex/Summ       72%        N/A       1%          3
 Ice Form                 Ice/Tmut       73%        N/A       1%          4
 Necrotise                Necr           84%        1d8       3%          1
 Lesser Beckoning         Tloc           42%        N/A       5%          2
 Scorch                   Fire           42%        2d7       5%          2
 Gell's Gravitas          Tloc           21%        N/A       11%         3
 Inner Flame              Hex/Fire       21%        N/A       11%         3
 Portal Projectile        Hex/Tloc       42%        N/A       11%         3
 Teleport Other           Tloc           21%        N/A       11%         3
 Vampiric Draining        Necr           21%        2d7       11%         3
 Vhi's Electric Charge    Tloc/Air       42%        N/A       11%         3
 Animate Dead             Necr           21%        N/A       36%         4
 Flame Wave               Conj/Fire      21%        2d8       36%         4
 Leda's Liquefaction      Hex/Erth       10%        N/A       36%         4
 Manifold Assault         Tloc           21%        N/A       36%         4
 Olgreb's Toxic Radiance  Pois           21%        N/A       36%         4
 Petrify                  Tmut/Erth      21%        N/A       36%         4
 Metabolic Englaciation   Hex/Ice        36%        N/A       1%          5
 Summon Cactus Giant      Summ           50%        N/A       1%          6
 Summon Forest            Summ/Tloc      36%        N/A       2%          5
 Summon Mana Viper        Hex/Summ       72%        N/A       2%          5
 Spellforged Servitor     Conj/Summ      36%        N/A       56%         7
 Agony                    Necr           21%        N/A       71%         5
 Arcjolt                  Conj/Air       10%        1d20      71%         5
 Borgnjor's Vile Clutch   Necr/Erth      10%        N/A       71%         5
 Lee's Rapid Deconstruct  Erth           10%        3d8*      71%         5
 Death Channel            Necr           10%        N/A       99%         6
 Eringya's Noxious Bog    Tmut/Pois      10%        4d6       99%         6
 Leda's Unmaking          Conj/Erth      10%        9d3       99%         6
 Statue Form              Tmut/Erth      14%        N/A       99%         6
 Orb of Destruction       Conj           10%        9d6       100%        7
 Storm Form               Tmut/Air       10%        N/A       100%        7
 Discord                  Hex            10%        N/A       100%        8
 Ignition                 Fire           10%        3d5       100%        8
 Maxwell's Capacitive Co  Air            10%        ∞         100%        8


Dungeon Overview and Level Annotations

Branches:
Dungeon (15/15)            Temple (0/1) D:5            Lair (5/5) D:9
 Shoals (4/4) Lair:2       Spider (4/4) Lair:2        Slime (0/5) Lair:4
    Orc (2/2) D:11            Elf (0/3) Orc:2        Vaults (1/5) D:13
 Depths (0/4) D:15          IceCv (visited)

Altars:
Cheibriados
Fedhas
Hepliaklqana
Makhleb
Nemelex Xobeh
Okawaru
Trog
Yredelemnul
Jiyva

Shops:
D:5 ((:=[((*[   D:14 [*   D:15 ?   Orc:1 =   Orc:2 [!=!   Shoals:4 [

Portals:
Pandemonium: Orc:2

Annotations:
D:13 2 transporters, Fiodyis's ghost, journeyman GrCA
D:14 5 runed translucent doors


Innate Abilities, Weirdness & Mutations

You do not regenerate when monsters are visible.
You are frail without blood (-20% HP).
You can heal yourself when you bite living creatures.
You are immune to poison.
You have razor-sharp teeth.
You have supernaturally acute eyesight. (SInv)
You are afflicted with vampirism and can become a bat while bloodless.


Message History

There is an open door here.
Unknown command.
You escape the formless jellyfish's grasp.
You close the door.
Something unseen opens the door.
As you read the scroll of teleportation, it crumbles to dust.
You feel strangely unstable.
Aiming: Charm
Press: ? - help, Shift-Dir - straight line, f - formless jellyfish
Aim: a formless jellyfish (chance to affect: 17%)
The formless jellyfish resists with almost no effort.
The formless jellyfish stings you! The formless jellyfish grabs you.
The formless jellyfish constricts you.
Unknown command.
You hit the formless jellyfish.
The formless jellyfish is lightly wounded.
The formless jellyfish stings you. The formless jellyfish constricts you.
Unknown command.
Unknown command.
Unknown command.
You barely miss the formless jellyfish.
The formless jellyfish is lightly wounded.
Your surroundings suddenly seem different.
Something loses its grip on you.
A yaktaur captain and 2 yaktaurs come into view.
Found 6 poisoned darts.
Unknown command.
Unknown command.
Okay, then.
Unknown command.
The yaktaur captain wields a +0 arbalest.
The yaktaur captain shoots a bolt.
You block the bolt.
The yaktaur shouts!
The yaktaur wields a +0 arbalest.
The yaktaur shoots a bolt.
The bolt hits you!
The yaktaur captain shoots a bolt.
The bolt hits you!
* * * LOW HITPOINT WARNING * * *
You open the door.
The yaktaur shoots a bolt.
The bolt hits you!
* * * LOW HITPOINT WARNING * * *
The yaktaur captain shoots a bolt.
The bolt hits you!!
You die...
Your body disappears without a glow.

##. ## # . #
##### #...+
###@##########
#............#
#............#
#............#
#............#
#............#
#.........c..+
#.......c....#
#.......(....#


You could see a yaktaur captain and a yaktaur.

Vanquished Creatures
  Mlioglotl (Shoals:1)
  Asterion (Spider:4)
  Kirke (D:12)
  A tengu reaver (Vaults:1)
  An azure jelly (IceCv)
  Roxanne (Shoals:1)
  Louise (Spider:4)
  An orc warlord (Orc:1)
  4 ironbound preservers (Vaults:1)
  A formless jellyfish (Shoals:4)
  A quicksilver ooze (D:13)
  An ironbound thunderhulk (Vaults:1)
  5 merfolk impalers
  5 merfolk javelineers (Shoals:4)
  An ettin (Vaults:1)
  5 entropy weavers
  A great orb of eyes (Vaults:1)
  A hydra (Lair:5)
  2 ogre magi (D:15)
  3 radroaches
  A jorogumo (Spider:1)
  2 merfolk aquamancers
  2 merfolk avatars
  3 centaur warriors
  2 demonspawn (Orc:2)
  10 two-headed ogres
  3 boulder beetles
  5 death yaks (Lair:5)
  3 satyrs
  4 demonic crawlers
  5 orc high priests
  3 skysharks
  2 sun demons (Orc:2)
  A sun moth (Spider:4)
  9 pharaoh ants
  An orb spider (Spider:1)
  A goliath frog (D:13)
  A glowing orange brain (D:15)
  7 sea snakes
  2 deep elf pyromancers (D:14)
  7 steelbarb worms
  A wizard (Vaults:1)
  A lindwurm (Lair:4)
  12 deep trolls (Vaults:1)
  7 orc knights
  7 wolf spiders
  9 fauns
  10 orc sorcerers
  23 harpies
  6 cyclopes
  17 ugly things
  An oklob plant (Shoals:2)
  17 manticores
  2 elephants (Lair:3)
  5 merfolk sirens
  6 water nymphs
  A gargoyle (D:13)
  A black mamba (Lair:4)
  A rime drake (Lair:5)
  A torpor snail (Spider:4)
  5 cane toads
  4 efreet
  2 komodo dragons
  9 yaktaurs
  6 polar bears
  A red devil (Orc:2)
  4 trolls
  5 wind drakes
  12 meliai
  Grinder (D:3)
  17 merfolk
  Prince Ribbit (D:8)
  A hornet (D:7)
  3 snapping turtles
  17 tarantellas
  18 blink frogs
  2 raiju (Lair:5)
  21 jumping spiders
  15 culicivoras
  23 yaks
  10 slime creatures
  A shadow (D:12)
  3 wyverns
  3 water elementals
  4 basilisks
  A hog (D:12)
  3 steam dragons
  41 redbacks
  4 vampire mosquitoes
  11 wargs
  An acid dragon (D:12)
  8 hell hounds (Lair:5)
  3 water moccasins
  51 orc warriors
  3 black bears
  A sky beast (D:7)
  8 ogres
  18 wolves
  11 centaurs
  2 phantoms
  7 bullfrogs
  A scorpion (Lair:1)
  A gnoll sergeant (D:8)
  A wight (D:6)
  2 killer bees
  6 howler monkeys
  3 electric eels
  A gnoll bouda (D:5)
  4 jellies
  30 orc priests
  3 hounds (D:6)
  Ijyb (D:4)
  A sleepcap (D:5)
  3 iguanas
  23 orc wizards
  9 gnolls
  4 adders
  A river rat (D:4)
  2 shadow imps
  A white imp (D:5)
  An ufetubus (D:4)
  3 worms
  2 dart slugs
  106 orcs
  7 bats
  5 endoplasms
  A giant cockroach (D:3)
  12 goblins
  6 hobgoblins
  A jackal (D:1)
  3 quokkas
  8 ball pythons
  6 frilled lizards
  7 kobolds
  2 rats
868 creatures vanquished.

Vanquished Creatures (collateral kills)
  Arachne (Spider:2)
  The ghost of Vait Lei the Luminary of Lethal Lore, an adept GnAE of Vehumet (Shoals:2)
  A rockslime (IceCv)
  2 azure jellies (IceCv)
  A ghost moth (Spider:4)
  2 emperor scorpions
  4 quicksilver oozes (IceCv)
  A formless jellyfish (Spider:2)
  2 broodmothers
  A bunyip (D:13)
  A spark wasp (Spider:2)
  An entropy weaver (shapeshifter) (D:14)
  A vault guard (D:13)
  4 hydras
  An ironbound frostheart (Vaults:1)
  A jorogumo (D:13)
  3 radroaches
  2 centaur warriors (D:14)
  A catoblepas (Lair:4)
  3 boulder beetles
  3 two-headed ogres (D:15)
  A tengu warrior (D:14)
  4 demonic crawlers
  A soul eater (Orc:2)
  6 skeletal warriors
  A fire crab (Lair:5)
  4 orb spiders
  An orc knight (D:14)
  2 orange crystal statues (IceCv)
  A steelbarb worm (Spider:4)
  3 wolf spiders
  A manticore (D:14)
  4 cyclopes
  7 ugly things
  5 elephants
  2 black mambas
  An ice statue (Orc:1)
  A merfolk siren (Shoals:4)
  8 cane toads
  A water nymph (shapeshifter) (D:15)
  6 rime drakes
  2 yaktaurs
  3 komodo dragons
  2 freezing wraiths
  A merfolk (Shoals:4)
  6 polar bears
  2 wolf spider simulacra (D:14)
  A wind drake (Shoals:2)
  3 meliai (Spider:4)
  14 blink frogs
  3 nameless horrors
  2 tarantellas (Spider:3)
  3 raiju (Lair:5)
  A snapping turtle (Shoals:4)
  29 slime creatures
  5 jumping spiders
  10 yaks
  A vampire (D:14)
  3 culicivoras
  2 wyverns
  A wraith (D:10)
  6 redbacks
  4 vampire mosquitoes (D:13)
  A naga (shapeshifter) (Spider:2)
  5 water moccasins
  4 hell hounds (Lair:5)
  5 orc warriors
  12 black bears
  3 great orb of eyes simulacra (IceCv)
  8 wolves
  A centaur (D:9)
  2 ogres (D:15)
  6 slime creature simulacra (IceCv)
  2 bullfrogs
  A kobold brigand (D:7)
  4 glowing shapeshifter simulacra (IceCv)
  2 wights (D:6)
  3 killer bees (Lair:2)
  A killer bee (shapeshifter) (D:14)
  4 howler monkeys
  A jelly (Lair:4)
  2 orc priests
  10 orcs
  2 kobolds (D:7)
  A spectral kobold (D:15)
281 creatures vanquished.

Vanquished Creatures (others)
  A sun moth (Spider:4)
  A manticore (D:14)
  An orc (D:4)
3 creatures vanquished.

Grand Total: 1152 creatures vanquished

Notes
Turn   | Place    | Note
-------+----------+-------------------------------------------
     0 | D:1      | Turgor the Vampire Ice Elementalist began the quest for the
                  | Orb.
     0 | D:1      | Reached XP level 1. HP: 13/13 MP: 3/3
     2 | D:1      | Noticed a troll
     4 | D:1      | Noticed a minotaur
     4 | D:1      | Noticed a spriggan
     6 | D:1      | Noticed a vampire
     6 | D:1      | Noticed a tengu
     8 | D:1      | Noticed a vine stalker
     8 | D:1      | Noticed a formicid
    10 | D:1      | Noticed an armataur
    10 | D:1      | Noticed a demigod
    12 | D:1      | Noticed a draconian
    12 | D:1      | Noticed a human
    16 | D:1      | Noticed a felid
    16 | D:1      | Noticed an octopode
    18 | D:1      | Noticed a merfolk
    20 | D:1      | Noticed a naga
    20 | D:1      | Noticed an ogre
    22 | D:1      | Noticed a meteoran
    22 | D:1      | Noticed a demonspawn
    24 | D:1      | Noticed an elf
    24 | D:1      | Noticed a ghoul
    26 | D:1      | Noticed a ghoul
    29 | D:1      | Noticed a draconian
    29 | D:1      | Noticed an elf
   449 | D:1      | Reached XP level 2. HP: 15/15 MP: 5/5
   925 | D:2      | Gained mutation: You are afflicted with vampirism and can
                  | become a bat while bloodless. [Vampire growth]
   925 | D:2      | Reached XP level 3. HP: 19/19 MP: 6/6
  1681 | D:2      | Reached XP level 4. HP: 24/24 MP: 7/7
  1699 | D:2      | Learned a level 3 spell: Frozen Ramparts
  1703 | D:2      | Learned a level 3 spell: Ozocubu's Armour
  1783 | D:3      | Noticed Grinder
  1806 | D:3      | Killed Grinder
  1807 | D:3      | Reached skill level 6 in Ice Magic
  1807 | D:3      | Reached XP level 5. HP: 11/28 MP: 2/10
  1807 | D:3      | Reached XP level 6. HP: 13/32 MP: 2/11
  1812 | D:3      | Learned a level 4 spell: Summon Ice Beast
  2275 | D:3      | Found a faded altar of an unknown god.
  2491 | D:3      | Prayed at the altar of an unknown god.
  2491 | D:3      | Became a worshipper of Nemelex Xobeh the Trickster
  2491 | D:3      | Reached * piety under Nemelex Xobeh
  2660 | D:4      | Noticed a steam dragon
  2664 | D:4      | Reached skill level 1 in Summonings
  2669 | D:4      | Noticed Ijyb
  3057 | D:4      | Received a gift from Nemelex Xobeh
  3142 | D:4      | Killed Ijyb
  3231 | D:4      | Found a snail-covered altar of Cheibriados.
  3282 | D:4      | Identified the +0 ring mail of Devotion {Rampage Dex+6}
  3362 | D:4      | Killed a steam dragon
  3363 | D:4      | Reached XP level 7. HP: 15/36 MP: 2/13
  3480 | D:4      | Reached ** piety under Nemelex Xobeh
  3480 | D:4      | You fall into a shaft and drop 2 floors!
  3839 | D:6      | Received a gift from Nemelex Xobeh
  3852 | D:5      | Entered Level 5 of the Dungeon
  3852 | D:5      | Found Kiumauck's Antique Weapon Shop.
  3892 | D:5      | Found Xumirykea's Armour Shoppe.
  4022 | D:5      | Found Tovom's Jewellery Shoppe.
  4074 | D:5      | Reached skill level 7 in Ice Magic
  4169 | D:5      | Found Himoid's Weapon Shoppe.
  4179 | D:5      | Found Cuasidun's Antique Weapon Boutique.
  4199 | D:5      | Found Vuklycum's Tremendous Tomes.
  4230 | D:5      | Learned a level 3 spell: Call Canine Familiar
  4316 | D:5      | Reached XP level 8. HP: 30/41 MP: 15/15
  4410 | D:5      | Found Kityuw's Assorted Antiques.
  4412 | D:5      | Found Hox Julo's Antique Weapon Emporium.
  4412 | D:5      | Found Cuiwny's Antique Armour Emporium.
  4418 | D:5      | Bought a fizzy coppery potion for 19 gold pieces
  4418 | D:5      | Bought a scroll labelled GICKYNKEHYL for 22 gold pieces
  4418 | D:5      | Bought a scroll labelled QAUVOE JIDU for 22 gold pieces
  4418 | D:5      | Bought a scroll of identify for 44 gold pieces
  4418 | D:5      | Bought a scroll of identify for 44 gold pieces
  4418 | D:5      | Bought a scroll of identify for 44 gold pieces
  4418 | D:5      | Bought a scroll of identify for 44 gold pieces
  4830 | D:5      | Found a staircase to the Ecumenical Temple.
  5373 | D:6      | Reached skill level 5 in Spellcasting
  5373 | D:6      | Reached skill level 5 in Summonings
  5725 | D:6      | Reached *** piety under Nemelex Xobeh
  6390 | D:7      | Received a gift from Nemelex Xobeh
  6667 | D:7      | Noticed a hornet
  6673 | D:7      | Killed a hornet
  6674 | D:7      | Reached skill level 1 in Shields
  6674 | D:7      | Reached skill level 8 in Ice Magic
  6674 | D:7      | Reached XP level 9. HP: 45/45 MP: 6/17
  7418 | D:8      | Noticed Prince Ribbit
  7427 | D:8      | Killed Prince Ribbit
  7633 | D:8      | Noticed a cyclops
  7805 | D:8      | Killed a cyclops
  7806 | D:8      | Reached skill level 1 in Fighting
  7954 | D:9      | Identified the +2 ring mail "Xodaeg" {Int+4 Stlth+}
  7966 | D:9      | Reached **** piety under Nemelex Xobeh
  7971 | D:9      | Found a staircase to the Lair.
  7971 | D:9      | Noticed an elephant
  7985 | D:9      | Killed an elephant
  7986 | D:9      | Reached skill level 1 in Invocations
  7988 | D:9      | Reached XP level 10. HP: 44/53 MP: 4/19
  8088 | D:9      | Received a gift from Nemelex Xobeh
  8186 | D:9      | Noticed a two-headed ogre
  8196 | D:9      | Killed a two-headed ogre
  8197 | D:9      | Reached skill level 9 in Ice Magic
  8238 | D:9      | Learned a level 7 spell: Monstrous Menagerie
  8365 | D:9      | Found a basalt altar of Yredelemnul.
  8369 | D:9      | Found an iron altar of Okawaru.
  8463 | D:9      | Noticed a centaur warrior
  9105 | D:9      | Killed a centaur warrior
  9114 | D:9      | HP: 1/56 [orc warrior/+0 scimitar (14)]
  9909 | D:10     | Entered Level 10 of the Dungeon
  9926 | D:10     | Received a gift from Nemelex Xobeh
 10627 | D:10     | Reached skill level 10 in Summonings
 10977 | D:11     | Noticed a cyclops
 10979 | D:11     | Got Taka Ela's Almanac of the Tropics and Frost
 10988 | D:11     | Killed a cyclops
 11026 | D:11     | Noticed a two-headed ogre
 11033 | D:11     | Killed a two-headed ogre
 11034 | D:11     | Reached skill level 5 in Shields
 11034 | D:11     | Reached XP level 11. HP: 42/61 MP: 14/21
 11126 | D:11     | Found a staircase to the Orcish Mines.
 11229 | D:11     | Identified the +7 shortbow "Oruggets" {drain, rC- Will+
                  | Int+2}
 11686 | Lair:1   | Entered Level 1 of the Lair of Beasts
 12655 | Lair:1   | Received a gift from Nemelex Xobeh
 12765 | Lair:1   | Reached ***** piety under Nemelex Xobeh
 13202 | Lair:2   | Reached skill level 10 in Ice Magic
 13264 | Lair:2   | Reached skill level 5 in Invocations
 13364 | Lair:2   | Found a staircase to the Shoals.
 13383 | Lair:2   | Found a hole to the Spider Nest.
 13608 | Lair:2   | Noticed a five-headed hydra
 13663 | Lair:2   | Killed a five-headed hydra
 13664 | Lair:2   | Reached XP level 12. HP: 66/66 MP: 16/23
 13899 | Lair:2   | Received a gift from Nemelex Xobeh
 14315 | Lair:2   | Received a gift from Nemelex Xobeh
 15215 | Lair:3   | Received a gift from Nemelex Xobeh
 15272 | Lair:3   | Reached skill level 11 in Ice Magic
 15647 | Lair:3   | HP: 3/66 [komodo dragon (22)]
 15861 | Lair:3   | Received a gift from Nemelex Xobeh
 16551 | Lair:3   | Reached skill level 12 in Ice Magic
 17266 | Lair:4   | Reached XP level 13. HP: 66/70 MP: 14/26
 17274 | Lair:4   | Learned a level 7 spell: Ozocubu's Refrigeration
 17583 | Lair:4   | Reached skill level 13 in Ice Magic
 17684 | Lair:4   | Received a gift from Nemelex Xobeh
 17953 | Lair:4   | Found a staircase to the Slime Pits.
 18065 | Lair:4   | Identified the +10 rapier of Beloved Courage {venom,
                  | Fragile rElec Will+ Int+3}
 18201 | Lair:4   | Found a viscous altar of Jiyva.
 18274 | Lair:5   | Entered Level 5 of the Lair of Beasts
 18307 | Lair:5   | Reached skill level 14 in Ice Magic
 18711 | Lair:5   | Received a gift from Nemelex Xobeh
 18894 | Lair:5   | Upgraded the game from 0.31-a0-210-gccc998df9b to
                  | 0.31-a0-222-gefeffbb62a
 18913 | Lair:5   | Reached skill level 15 in Ice Magic
 19466 | Lair:5   | Received a gift from Nemelex Xobeh
 19889 | Lair:5   | Reached skill level 16 in Ice Magic
 20352 | Lair:5   | Reached XP level 14. HP: 61/76 MP: 18/27
 20921 | D:12     | Received a gift from Nemelex Xobeh
 21418 | D:12     | Noticed Kirke
 21440 | D:12     | Killed Kirke
 21784 | D:12     | Received a gift from Nemelex Xobeh
 21977 | D:12     | Reached skill level 17 in Ice Magic
 22125 | D:12     | Upgraded the game from 0.31-a0-222-gefeffbb62a to
                  | 0.31-a0-229-g1fc7ce93e2
 22515 | D:13     | Found a transporter.
 22520 | D:13     | Found a bloodstained altar of Trog.
 22522 | D:13     | Noticed Fiodyis's ghost (journeyman GrCA)
 22530 | D:13     | Found a transporter.
 22793 | D:13     | Received a gift from Nemelex Xobeh
 22963 | D:13     | Found a gate to the Vaults.
 22964 | D:13     | Upgraded the game from 0.31-a0-229-g1fc7ce93e2 to
                  | 0.31-a0-232-gb1c03b2570
 22965 | D:13     | a vault guard changed into a broodmother
 22965 | D:13     | Noticed a broodmother
 22965 | D:13     | a vault guard changed into a quicksilver ooze
 22965 | D:13     | Noticed a quicksilver ooze
 22972 | D:13     | Killed a quicksilver ooze
 23380 | D:13     | Received a gift from Nemelex Xobeh
 23539 | D:13     | Reached skill level 10 in Spellcasting
 23707 | D:13     | Identified the +2 demon trident "Koirhur" {flame, Fly}
 23712 | D:13     | Killed a broodmother
 23910 | Orc:1    | Entered Level 1 of the Orcish Mines
 24225 | Orc:1    | Identified the -2 quarterstaff "Ronunecu" {freeze, rPois
                  | rF+ Dex+8 Stlth-}
 24295 | Orc:1    | Found a burning altar of Makhleb.
 24511 | Orc:1    | Noticed an orc warlord
 24662 | Orc:1    | Killed an orc warlord
 24663 | Orc:1    | Reached skill level 18 in Ice Magic
 25507 | Orc:1    | Found Hes Gore's Jewellery Boutique.
 25517 | Orc:1    | Bought the amulet of Vitality {RegenMP++ Regen++} for 1300
                  | gold pieces
 25517 | Orc:1    | Found the amulet of Vitality {RegenMP++ Regen++}
 25712 | Orc:2    | Entered Level 2 of the Orcish Mines
 25725 | Orc:1    | Received a gift from Nemelex Xobeh
 25867 | Orc:2    | Found a staircase to the Elven Halls.
 26278 | Orc:2    | Found Dihegh's Distillery.
 26280 | Orc:2    | Found Yzicwua's Distillery.
 26351 | Orc:2    | Bought a potion of degeneration for 14 gold pieces
 26686 | Orc:2    | Reached XP level 15. HP: 80/80 MP: 22/29
 26861 | Orc:2    | Received a gift from Nemelex Xobeh
 26981 | Orc:2    | Paralysed by an orc sorcerer for 2 turns
 27216 | Orc:2    | Found Domaff's Jewellery Boutique.
 27216 | Orc:2    | Found Zuadas's Antique Armour Shop.
 27216 | Orc:2    | Found a one-way gate leading to the halls of Pandemonium.
 27230 | Orc:2    | Bought a pair of embroidered gloves for 225 gold pieces
 27370 | Orc:2    | Bought a potion of heal wounds for 80 gold pieces
 27503 | Spider:1 | Entered Level 1 of the Spider Nest
 27597 | Spider:1 | Received a gift from Nemelex Xobeh
 27631 | Spider:1 | Identified the +4 chain mail of Discretion {Will+ Str-2
                  | Int+4}
 27772 | Shoals:1 | Entered Level 1 of the Shoals
 27822 | Shoals:1 | Noticed Mlioglotl
 27831 | Shoals:1 | Noticed a revenant
 27836 | Shoals:1 | Killed Mlioglotl
 27871 | Shoals:1 | Noticed Roxanne
 27929 | Shoals:1 | Killed Roxanne
 27984 | Shoals:1 | Received a gift from Nemelex Xobeh
 28059 | Shoals:1 | Reached ****** piety under Nemelex Xobeh
 28064 | Shoals:1 | You fall into a shaft and drop 1 floor!
 28067 | Shoals:2 | Reached skill level 19 in Ice Magic
 28505 | Shoals:2 | Found a blossoming altar of Fedhas.
 28510 | Shoals:2 | Reached skill level 1 in Armour
 28865 | Shoals:2 | Received a gift from Nemelex Xobeh
 28928 | Shoals:2 | Reached skill level 5 in Fighting
 29236 | Shoals:2 | Found a runed translucent door.
 29237 | Shoals:2 | Noticed Vait Lei's ghost (adept GnAE)
 29286 | Shoals:2 | Killed Vait Lei's ghost
 29299 | Shoals:2 | Identified the ring of Freedom {rCorr Int+3}
 29403 | Shoals:3 | Received a gift from Nemelex Xobeh
 29477 | Shoals:3 | Reached XP level 16. HP: 17/87 MP: 12/31
 30009 | Shoals:4 | Entered Level 4 of the Shoals
 30009 | Shoals:4 | Received a gift from Nemelex Xobeh
 30140 | Shoals:4 | Found Cidwid's Antique Armour Emporium.
 30191 | Shoals:4 | Reached skill level 15 in Summonings
 30409 | Shoals:4 | Received a gift from Nemelex Xobeh
 30636 | Shoals:4 | Got a barnacled rune of Zot
 30713 | Shoals:4 | Reached skill level 1 in Short Blades
 31088 | Shoals:4 | Learned a level 2 spell: Blink
 31096 | Shoals:4 | Learned a level 7 spell: Summon Hydra
 31442 | Shoals:4 | Bought a brightly glowing chain mail for 237 gold pieces
 31442 | Shoals:4 | Identified the +0 chain mail of Fuzzy Birdsong {Int+3
                  | Slay+5} (You bought it in a shop on level 4 of the Shoals)
 31442 | Shoals:4 | Bought a pair of encrusted gloves for 237 gold pieces
 31442 | Shoals:4 | Identified the +0 pair of gloves "Zosch" {rF++ rC- Will+}
                  | (You bought it in a shop on level 4 of the Shoals)
 31798 | Spider:1 | Identified a scroll of acquirement
 31802 | Spider:1 | Acquired a +0 quick blade of draining
 31919 | Spider:1 | Received a gift from Nemelex Xobeh
 32138 | Spider:2 | Noticed Jorgrun
 32185 | Spider:2 | Jorgrun changed into Jorgrun the formless jellyfish
 32185 | Spider:2 | Noticed Jorgrun
 32190 | Spider:2 | Killed Jorgrun the formless jellyfish
 32191 | Spider:2 | Reached skill level 5 in Armour
 32479 | Spider:2 | Received a gift from Nemelex Xobeh
 32862 | Spider:2 | Noticed Arachne
 32876 | Spider:2 | Killed Arachne
 32877 | Spider:2 | Reached XP level 17. HP: 95/95 MP: 16/33
 33188 | Spider:3 | Received a gift from Nemelex Xobeh
 34041 | Spider:4 | Entered Level 4 of the Spider Nest
 34071 | Spider:4 | Noticed Asterion
 34078 | Spider:4 | Killed Asterion
 34122 | Spider:4 | Noticed Louise
 34127 | Spider:4 | Killed Louise
 34299 | Spider:4 | Reached skill level 5 in Short Blades
 34794 | Spider:4 | Received a gift from Nemelex Xobeh
 34998 | Spider:4 | Got a gossamer rune of Zot
 35281 | Vaults:1 | Entered Level 1 of the Vaults
 35586 | D:14     | Identified the -1 long sword of Wrath {flame, Contam Will+
                  | Int+2 Dex+2}
 35637 | D:14     | Upgraded the game from 0.31-a0-232-gb1c03b2570 to
                  | 0.31-a0-233-g139696dc86
 35876 | D:14     | Found a runed translucent door.
 35876 | D:14     | Found a runed translucent door.
 36070 | D:14     | Reached XP level 18. HP: 103/103 MP: 15/34
 36103 | D:14     | Received a gift from Nemelex Xobeh
 36369 | D:14     | Found a runed translucent door.
 36471 | D:14     | Found Safiutaana's Antique Armour Shop.
 36596 | D:14     | Found Daryumae's Assorted Antiques.
 36662 | D:14     | Found a runed translucent door.
 36767 | D:14     | Found a runed translucent door.
 36847 | D:15     | Entered Level 15 of the Dungeon
 36907 | D:15     | Found a frozen archway.
 36910 | D:15     | Found Donkur's Magic Scroll Emporium.
 36934 | IceCv    | Entered an ice cave
 37444 | IceCv    | Found a viscous altar of Jiyva.
 37459 | IceCv    | Identified the amulet of Gouwigg {Faith rC+}
 38397 | D:15     | Received a gift from Nemelex Xobeh
 38503 | D:15     | Found a hazy altar of Hepliaklqana.
 38540 | D:15     | Reached skill level 10 in Armour
 38557 | D:15     | Found a staircase to the Depths.
 39137 | Vaults:1 | Received a gift from Nemelex Xobeh
 39163 | Vaults:1 | Shot with a bolt by a yaktaur captain

Illustrated notes

Levels and vault maps discovered:
D:1:      kb_arrival_jail, layout_basic, minmay_misc_feat_iff,
          minmay_pentomino_u4
D:2:      layout_loops_corners, st_stairs_8, amethyst_killhole,
          kennysheep_flooded_box
D:3:      layout_loops_ring, hellmonk_ecumenical_altar_pennies_from_heaven,
          uniq_grinder
D:4:      layout_cave_pools, mainiacjoe_overflow_paths, uniq_ijyb
D:5:      layout_loops_ring, minmay_temple_entry_large_hall, serial_shops,
          nicolae_shop_hallway_stairs, shop, nicolae_shop_bloodbath_and_beyond,
          nicolae_stop_n_shop_1, nicolae_square_shop, grunt_decor_resistance,
          abandoned_shop, nicolae_shop_distant_corner_stores,
          nicolae_shop_i_like_big_books
D:6:      layout_layer_cave
D:7:      layout_rooms, hangedman_abyss_or_decor_stagger,
          nicolae_zen_rock_garden
D:8:      layout_cave_pools, minmay_fountain_box, minmay_diced_spiral,
          uniq_prince_ribbit1
D:9:      layout_long_grid, chequers_temple_overflow_statue_of_worship,
          david_lair_generic, special_room [special_room_orc]
D:10:     layout_basic
D:11:     layout_rooms
D:12:     layout_loops_ring, special_room [special_room_orc], uniq_kirke
D:13:     layout_long_grid, erik_vaults_2, gammafunk_ghost_wrathful_warriors
D:14:     minmay_the_grid_four_pointed_star
          [minmay_the_grid_triangle_9x9_tough_junction,
          minmay_the_grid_triangle_9x9_swiss_cheese,
          minmay_the_grid_triangle_9x9_fully_insulated_deathbox,
          minmay_the_grid_triangle_9x9_skeleton,
          minmay_the_grid_prize_four_corners], layout_cave_pods,
          chequers_arboretum, serial_shops, nicolae_shop_tiny_real_fake_doors,
          shop, minmay_fractal_squares_diagonal_5
D:15:     gammafunk_enter_depths_forms, layout_loops_ring, serial_shops, shop,
          portal_ice_cave_entry_pillars_four, hex_tiny,
          nicolae_hepliaklqana_monster_ancestors
Lair:1:   layout_cave_pods, lemuel_fruit_tree
Lair:2:   layout_layer_cave, shoals_dummy_entry,
          hellmonk_spider_entry_not_the_bees, infiniplex_staircase_pool_2,
          serial_bayou_shore_a, grunt_megastairs_3
Lair:3:   layout_regular_city, grunt_megastairs_1, lemuel_fruit_fields
Lair:4:   layout_roguey, nicolae_slime_entry_field_trip,
          nicolae_quartered_pool_super
Lair:5:   hangedman_lair_caniforms_friends, layout_gridlike
Shoals:1: layout_shoals, uniq_mlioglotl, uniq_roxanne
Shoals:2: cheibrodos_shoals_satyrical_garden, layout_shoals,
          ebering_ghost_inner_flame, lemuel_oklob_altar
Shoals:3: layout_shoals
Shoals:4: shoals_end_hangedman, layout_shoals, serial_shops, shop
Spider:1: layout_spider_delve, nicolae_spider_checkerboard
Spider:2: layout_spider_delve, uniq_arachne, uniq_jorgrun
Spider:3: layout_spider_delve
Spider:4: hellmonk_spider_rune_bug_friends, uniq_louise, uniq_asterion
Orc:1:    layout_diamond_mine, serial_shops, shop, lemuel_statue_altar
Orc:2:    pf_orc_diabolical, layout_caves, nooodl_orcs_dogs
Vaults:1: vaults_dpeg_diagonal, ontoclasm_vaults_claustrophobia,
          nicolae_vaults_windows_and_doors_thing,
          nicolae_vaults_storage_room_glass, ontoclasm_vaults_ring_large,
          nicolae_vaults_ninety_degrees, nicolae_vaults_murderbox,
          vaults_standard_mumra_x, nicolae_vaults_network_quincunx
          [nicolae_vaults_network_quincunx_subvault,
          nicolae_vaults_network_quincunx_subvault,
          nicolae_vaults_network_quincunx_subvault,
          nicolae_vaults_network_quincunx_subvault,
          nicolae_vaults_network_quincunx_subvault],
          nicolae_vaults_variable_pillar_hall, ontoclasm_vaults_pinch,
          vaults_room_pools, vaults_standard_mumra_enter_the_diamond,
          vaults_room_pools, layout_vaults_maze_snakey

Skill      XL: |  1  2  3  4  5  6  7  8  9 10 11 12 13 14 15 16 17 18 |
---------------+-------------------------------------------------------+-----
Dodging        | 3 |  3.0
Spellcasting   | 3 4 5 6 7 9 10 11 12 | 12.0
Ice Magic      | 6 7 8 9 10 12 16 18 19 | 19.0
Summonings     | 3 4 6 8 10 11 12 13 14 15 17 18 | 18.5
Shields        | 1 3 5 |  5.0
Fighting       | 2 4 5 6 8 9 |  9.4
Invocations    | 1 3 5 6 7 8 9 |  9.0
Armour         | 2 5 8 10 | 10.2
Short Blades   | 3 5 |  5.0
Stealth        | |  3.0

Action                     |  1- 3 |  4- 6 |  7- 9 | 10-12 | 13-15 | 16-18 || total
---------------------------+-------+-------+-------+-------+-------+-------++-------
  Melee: Dagger            |    41 |    52 |   124 |   170 |    26 |       ||   413
         Bite              |     2 |     5 |    23 |    28 |    28 |     7 ||    93
         Rapier            |       |       |       |       |   145 |    70 ||   215
  Throw: Stone             |     1 |     1 |     6 |     1 |       |       ||     9
         Dart              |       |       |    19 |    32 |    35 |       ||    86
         Throwing net      |       |       |       |       |       |     1 ||     1
   Cast: Freeze            |    26 |    18 |     7 |       |     3 |       ||    54
         Frozen Ramparts   |       |     8 |    32 |    74 |    62 |     1 ||   177
         Ozocubu's Armour  |       |     5 |    18 |    38 |    13 |     4 ||    78
         Summon Ice Beast  |       |       |     6 |    51 |    61 |     2 ||   120
         Call Canine Famil |       |       |     4 |    26 |    49 |     3 ||    82
         Ozocubu's Refrige |       |       |       |       |   263 |   393 ||   656
         Monstrous Menager |       |       |       |       |     1 |    79 ||    80
         Summon Hydra      |       |       |       |       |       |    64 ||    64
         Blink             |       |       |       |       |       |     4 ||     4
 Invoke: Draw Destruction  |       |       |     4 |     8 |    35 |    10 ||    57
         Draw Escape       |       |       |     1 |       |     1 |     2 ||     4
         Deal Four         |       |       |       |       |     3 |       ||     3
         Draw Summoning    |       |       |       |       |    11 |     7 ||    18
         Draw Stack        |       |       |       |       |       |    12 ||    12
         Stack Five        |       |       |       |       |       |     3 ||     3
Ability: Exsanguinate      |     1 |       |       |       |       |       ||     1
  Evoke: Wand              |       |       |     9 |     3 |     6 |     6 ||    24
         Phantom mirror    |       |       |       |       |       |     1 ||     1
    Use: Scroll            |     1 |     2 |    11 |     6 |     8 |    11 ||    39
         Potion            |       |     3 |       |     5 |     4 |     5 ||    17
   Stab: Sleeping          |    19 |    12 |     8 |     4 |     5 |       ||    48
         Distracted        |     1 |       |     1 |     1 |     2 |     2 ||     7
         Invisible         |       |     3 |       |       |       |     2 ||     5
         Paralysed         |       |       |       |       |       |     1 ||     1
 Armour: Robe              |     4 |     8 |       |       |       |       ||    12
         Leather armour    |       |     9 |       |       |       |       ||     9
         Ring mail         |       |     3 |    37 |    62 |    80 |   100 ||   282
  Dodge: Dodged            |    25 |    39 |    64 |   117 |   142 |    79 ||   466
  Block: Buckler           |       |       |     9 |    50 |    61 |    41 ||   161

Table legend: (Time is in decaauts)
 A = Elapsed time spent in this place.
 B = Non-inter-level travel time spent in this place.
 C = Inter-level travel time spent in this place.
 D = Time resting spent in this place.
 E = Time spent auto-exploring this place.
 F = Levels seen in this place.
 G = Mean time per level.
                   A        B        C        D        E       F      G
               +--------+--------+--------+--------+--------+-----+--------+
         Total |  39577 |  37309 |   2268 |   5119 |  23842 |  32 | 1236.8 |
       Dungeon |  17865 |  16670 |   1195 |   2223 |  10700 |  15 | 1191.0 |
          Lair |   9519 |   9106 |    413 |   1347 |   6287 |   5 | 1903.8 |
        Shoals |   4047 |   3673 |    374 |    406 |   2574 |   4 | 1011.8 |
   Spider Nest |   3661 |   3464 |    197 |    232 |   2314 |   4 |  915.2 |
  Orcish Mines |   3363 |   3276 |     87 |    716 |   1627 |   2 | 1681.5 |
        Vaults |    486 |    486 |      0 |     72 |    252 |   1 |  486.0 |
      Ice Cave |    632 |    632 |      0 |    122 |     86 |   1 |  632.0 |
               +--------+--------+--------+--------+--------+-----+--------+

Top non-repeatable levels by time:
  Lair:2: 2457 daAuts
  Lair:5: 2435 daAuts
  Lair:3: 2162 daAuts
     D:9: 2101 daAuts
   Orc:1: 1766 daAuts
    D:13: 1759 daAuts
   Orc:2: 1597 daAuts
  Lair:1: 1473 daAuts
Shoals:4: 1448 daAuts
    D:14: 1421 daAuts
     D:6: 1372 daAuts
    D:15: 1270 daAuts
     D:5: 1247 daAuts
    D:12: 1242 daAuts
    D:10: 1146 daAuts
